[Event "7th Sharjah Masters 2024"]
[Site "Sharjah"]
[Date "2024.05.19"]
[Round "6.40"]
[White "Cardoso Cardoso, Jose Gabriel"]
[Black "Kacharava, Nikolozi"]
[Result "1/2-1/2"]
[ECO "C78"]
[WhiteElo "2497"]
[BlackElo "2527"]
[Annotator "TA"]
[PlyCount "218"]
[EventDate "2024.05.13"]
[EventType "swiss"]
[EventCountry "UAE"]
[SourceTitle "playchess.com"]
[Source "ChessBase"]
[SourceQuality "1"]
[TimeControl "5400+30"]

1. e4 e5 2. Nf3 Nc6 3. Bb5 a6 4. Ba4 Nf6 5. O-O b5 6. Bb3 Bc5 7. a4 Bb7 8. c3 d6 9. d4 Bb6 10. Re1 O-O 11. Bg5 h6 12. Bh4 b4 13. d5 Na5 14. Bxf6 Qxf6 15. cxb4 Nxb3 16. Qxb3 g5 17. Re2 Qg6 18. Nfd2 f5 (18... Qh5 {is more complex.} 19. Qd3 f5 20. exf5 Bc8) 19. Nc4 Bd4 20. Na5 fxe4 21. Nc3 $1 $14 (21. Nxb7 $2 Rxf2 22. Rxf2 Rf8 $19) 21... Qh5 22. Rae1 (22. Nxb7 Bxc3 23. Rxe4 Bd4 $11) (22. Qc4 $14 Rf4 23. Nxe4 (23. Nxb7 e3 $11)) 22... Bc8 {[%emt 0:06:41] This pair of bishops is nice.} (22... Qf7 $5 23. Rf1 (23. Nxb7 Bxf2+ 24. Kh1 Bxe1) 23... Bxc3 24. bxc3 (24. Nxb7 Bd4 $15) 24... Bxd5 $11 (24... Qxd5 $2 25. c4 $18)) 23. Nxe4 Bd7 (23... Bg4 $14 24. Rd2 Bd7) 24. Qc2 $16 Bf5 25. Nc6 (25. Qxc7 $2 Rac8 $19 (25... Bxe4 $2 26. Rxe4 Bxf2+ 27. Kh1 $19) (25... Bxe4 $2 26. Rxe4 Bxf2+ 27. Kh1 $19)) 25... Bxe4 26. Qxe4 Rf4 27. Qd3 Qf7 28. g3 Bxf2+ 29. Kg2 Rf6 30. Rf1 $36 {[%emt 0:01:07][%mdl 2048] White is really pushing.} Rf8 {[%emt 0:00:18] [#]} 31. Nd8 $1 {[%emt 0:03:48] Active counter play!} Rxd8 32. Rexf2 (32. Rfxf2 Rf8 33. Qd2 (33. Rxf6 Qxf6 34. Rc2 e4 $17) 33... Rf3 $17) 32... Rxf2+ 33. Rxf2 {[%emt 0:00:02][%mdl 4096] Endgame. KQR-KQR} Qg7 (33... Qh7 $16 34. Qxh7+ (34. Qxa6 Qe4+ 35. Kg1 Qe1+ 36. Qf1 Qxb4 $14) 34... Kxh7) 34. Qxa6 $18 Rf8 (34... e4 $16) 35. Rxf8+ Qxf8 {[%emt 0:00:01] KQ-KQ} 36. Qd3 {[%emt 0:00:17] Wards off e4} Kg7 {[%emt 0:00:37] Prevents Qg6+} (36... Qe8 $142 37. Qf5 Kg7) 37. a5 Qb8 38. b5 Qa7 39. b4 g4 40. Kf1 h5 41. Qc3 Qb8 42. Qc6 Kh8 $2 (42... Qa7 43. Ke2 Kh7) 43. b6 $2 (43. Ke1 {Black must now prevent a6.} Qf8 44. b6 (44. Qxc7 Qf3 $18) 44... cxb6 45. Qxb6 (45. axb6 Qf5 $16)) 43... Qf8+ 44. Ke1 $1 cxb6 45. axb6 (45. Qxb6 $18 Qf3 46. Qd8+ (46. Qxd6 Qe3+ 47. Kd1 Qd3+ 48. Kc1 Qc3+ 49. Kd1 Qd3+ 50. Kc1 Qc3+ 51. Kd1 Qd3+ $11) 46... Kh7 47. Qc7+ (47. Qxd6 Qe3+ 48. Kd1 Qd3+ 49. Kc1 Qc3+ 50. Kd1 Qd3+ 51. Ke1 Qe3+ 52. Kd1 Qd3+ $11) 47... Kh8 48. Kd2 (48. Qxd6 Qe3+ 49. Kd1 Qd3+ 50. Kc1 Qc3+ 51. Kb1 Qb3+ 52. Ka1 Qa3+ 53. Kb1 Qb3+ 54. Ka1 Qa3+ 55. Kb1 Qb3+ $11)) 45... Qf5 $16 46. Kd2 $2 (46. Qxd6 Qe4+ 47. Kd2 Qd4+ 48. Kc2 Qe4+ 49. Kb3 Qd3+ 50. Ka4 (50. Kb2 Qd4+ 51. Kb3 Qd3+ 52. Ka2 Qd2+ 53. Ka3 Qd3+ 54. Kb2 Qd2+ 55. Kb1 Qd3+ 56. Kb2 $11) 50... Qa6+ 51. Kb3 Qd3+ 52. Kb2 Qd4+ 53. Kc2 Qe4+ 54. Kd2 Qd4+ 55. Kc2 $11) (46. Qe8+ $18 Kh7 47. Qe7+ Kh8 48. Qd8+ (48. Qxd6 Qe4+ 49. Kd2 Qd4+ 50. Kc2 Qc4+ 51. Kb2 Qd4+ 52. Kc2 Qe4+ 53. Kb2 Qd4+ 54. Kb3 Qd3+ 55. Kb2 Qd2+ 56. Kb3 Qd3+ 57. Ka4 Qa6+ 58. Kb3 Qd3+ $11) 48... Kg7 49. Qc7+ (49. Qxd6 Qe4+ 50. Kd2 Qd4+ 51. Kc2 Qc4+ 52. Kb2 Qd4+ 53. Kb3 Qd3+ 54. Ka2 Qd2+ 55. Kb1 Qd3+ 56. Ka2 Qc2+ 57. Ka3 Qd3+ 58. Kb2 Qd4+ 59. Kc2 Qc4+ 60. Kd2 Qd4+ 61. Kc2 $11) 49... Kh8 50. Qc4 (50. Qxd6 Qe4+ 51. Kd2 Qd4+ 52. Kc2 Qc4+ 53. Kb2 Qd4+ 54. Kc2 Qe4+ 55. Kc3 Qd4+ 56. Kc2 $11) 50... Qb1+ 51. Ke2 Qb2+ 52. Kd3 Qb1+ 53. Kc3 Qc1+ 54. Kb3 Qd1+ (54... Qxc4+ 55. Kxc4 Kg7 56. b7 e4 57. b8=Q e3 58. Qxd6 e2 59. Qe7+ Kh6 60. d6) 55. Kb2 Qd2+ 56. Kb3 Qe3+ 57. Qc3 Qxb6 58. Qc8+ Kh7 59. Qc6 Qe3+ 60. Ka4 Qa7+ 61. Kb3 Qe3+ 62. Kc4 Qe2+ 63. Kb3 Qxh2 64. Qc7+ (64. Qxd6 Qxg3+ 65. Ka4 Qf3 $11) 64... Kg8 65. Qc8+ (65. Qxd6 Qxg3+ 66. Ka4 Qf4 $11) 65... Kg7 66. Qd7+ Kg8 67. Qe6+ (67. Qxd6 Qxg3+ 68. Ka4 Qd3 $11) 67... Kg7 68. Qe7+ (68. Qxd6 Qxg3+ 69. Ka4 Qf3 $11) 68... Kg8 69. Qe6+ (69. Qxd6 Qxg3+ 70. Ka4 Qd3 $11) 69... Kg7 70. Qe7+ (70. Qxd6 Qxg3+ 71. Ka4 Qd3 $11) 70... Kg8 71. Qg5+ (71. Qxd6 Qxg3+ 72. Ka4 Qf4 $11) 71... Kh7 72. Qe7+ Kg8) 46... Qf2+ $11 47. Kc3 Qe3+ 48. Kb2 Qd2+ 49. Kb3 (49. Ka3 Qd3+ 50. Ka4 Qa6+ 51. Kb3 Qd3+ 52. Qc3 Qxd5+ (52... Qxc3+ 53. Kxc3 Kg7 54. b7 Kg6 55. b8=Q Kf5 56. Qxd6 Ke4 57. Qe6) 53. Ka3 (53. Ka4 Qa2+ 54. Qa3 Qc4 $11) 53... Qa8+ 54. Kb2 Qd5 $16) 49... Qd1+ 50. Qc2 Qxd5+ 51. Ka3 Qd4 52. Qc6 Qd3+ 53. Kb2 {[%emt 0:00:51] White threatens b7 and mate.} Qd2+ $1 54. Kb3 Qd3+ 55. Qc3 Qd5+ 56. Kb2 (56. Ka4 $6 Qa2+ 57. Qa3 (57. Kb5 Qd5+ 58. Ka4 Qa2+ 59. Qa3 Qc4 $11) 57... Qc4 $11 (57... Qxa3+ 58. Kxa3 Kh7 59. b7 e4 60. b8=Q h4 61. Qxd6 hxg3 62. Qxg3)) (56. Ka3 $1 $16 Qa8+ 57. Kb2) 56... Kg7 $1 57. Ka3 Kf6 58. Qc8 Qb5 59. Qd8+ (59. b7 $5 Qd3+ $8 60. Ka4 Qa6+ 61. Kb3 Qd3+ 62. Kb2 Qd2+ 63. Kb3 Qd3+ 64. Kb2 Qd2+ 65. Kb3 Qd3+ $11) 59... Ke6 60. Qc8+ Kf6 $1 61. Qb7 (61. b7 $5 Qd3+ $8 62. Ka4 Qa6+ 63. Kb3 Qd3+ 64. Kb2 Qd2+ 65. Qc2 Qxb4+ 66. Qb3 Qd2+ 67. Ka3 Qa5+ 68. Kb2 Qd2+ 69. Ka1 Qe1+ 70. Ka2 Qf2+ 71. Ka3 Qa7+ 72. Kb2 Qf2+ 73. Kb1 Qg1+ (73... Qxh2 $2 74. b8=Q $18) 74. Kb2 Qf2+ 75. Kc1 Qg1+ 76. Qd1 Qc5+ 77. Qc2 Qg1+ 78. Kb2 Qb6+ 79. Qb3 Qf2+ $11) 61... Qd3+ 62. Ka4 Qc2+ {[%emt 0:00:18] [#]} (62... Qc4 $1 $11) 63. Kb5 $1 $16 Qd3+ 64. Kc6 Qc4+ $2 (64... e4 $16) 65. Kd7 $1 $18 {[%emt 0:01:39] Strongly threatening Qc6.} Qf7+ 66. Kc8 (66. Kxd6 Qxb7 67. Kc5 Ke7 68. Kc4 Qxb6 69. b5 e4 70. Kc3 Qc5+ (70... Qxb5 71. Kd4 Qd3+ 72. Ke5 e3 73. h3 e2 74. Kf4 Qd2+ 75. Kf5 e1=Q 76. Kg6 Qe6+ 77. Kxh5 Qdh6#) 71. Kd2 Qd4+ (71... Qxb5 72. Kc3 e3 73. h3 e2 74. Kd2 Qe5 75. Ke1 Qe4 76. h4 Kf7 77. Kf2 e1=Q#) 72. Kc2 e3 73. Kb3 e2 74. Ka3 e1=Q (74... e1=B 75. Kb3 Qc3+ 76. Ka2 Qb4 77. h3 Bc3 78. hxg4 Qb2#) 75. Ka2 Qef2+ 76. Kb3 Qfb2#) 66... Qe8+ 67. Kc7 Qe7+ (67... e4 $142 68. Qc8 (68. Kxd6 Qe6+ 69. Kc7 e3 $11) 68... Qe7+ (68... Qxc8+ $2 69. Kxc8 e3 70. b7 $18) 69. Qd7 e3 70. Qxe7+ (70. b7 e2 $18) 70... Kxe7) 68. Kc6 Qxb7+ 69. Kxb7 {[%emt 0:00:01] Threatening mate with Kc6. KP-KP} e4 70. Kc6 e3 71. b7 $1 (71. Kxd6 $2 e2 72. Kc5 e1=Q $19 (72... e1=B $2 73. b7 $18)) 71... e2 72. b8=Q (72. b8=B $2 {loses.} e1=Q (72... e1=B $2 {too greedy.} 73. Bxd6 h4 74. b5 $18) 73. Bxd6 Ke6 $19) 72... e1=Q 73. Qxd6+ {[%emt 0:00:24] KQ-KQ} Kg7 74. Qd4+ (74. b5 $142 Qe4+ 75. Kc7 Qc2+ 76. Kd8) 74... Kh7 75. Kd5 {[%emt 0:00:30] White wants to mate with Qe4+.} Qf1 76. Qe4+ Kg7 77. Kc5 ({Stronger than} 77. Qe5+ Kh6 $11) 77... Qf8+ {[%emt 0:00:32] [#]} 78. Kb5 $2 (78. Kc4 $1 $18) 78... Qf2 $1 $11 {[%emt 0:01:59] The position is equal.} 79. Qe7+ Kh6 80. Qd6+ Kh7 81. Qc7+ Kg8 82. Qb8+ Kh7 83. Qb7+ Kh8 84. Qh1 Qe2+ 85. Ka5 Qa2+ 86. Kb6 Qf2+ 87. Ka6 Qa2+ 88. Kb6 Qf2+ 89. Kb5 Qe2+ 90. Kc5 {[%emt 0:00:21] And now Qa8+ would win.} Qf2+ 91. Kc4 Qc2+ 92. Kd5 {[%emt 0:00:27] Hoping for Qa1+.} Qd2+ 93. Ke6 {[%emt 0:00:22] aiming for Qd5.} Qe3+ 94. Kd6 {[%emt 0:00:33] Threatens to win with Qd5.} Qb6+ 95. Kd7 {[%emt 0:01:00] Qd5 is the strong threat.} Qxb4 96. Qd5 h4 97. Qh5+ Kg7 98. Qg5+ Kf7 99. Qf5+ Kg7 100. Qe5+ Kf7 101. Qf5+ Kg7 102. Qg5+ Kf7 103. Qh5+ Kg7 104. Qxh4 {[%emt 0:00:05] Qe7+ would kill now.} Qd4+ 105. Ke6 Qe4+ 106. Kd6 Qd4+ 107. Ke7 {[%emt 0:00:14] Intending Qg5+ and mate.} Qe5+ 108. Kd8 {[%emt 0:00:23] Qe7+ would now be deadly.} Qd4+ 109. Ke8 Qa4+ {[%emt 0:00:14] Black defended with fortune.   Weighted Error Value: White=0.20 (precise) /Black=0.21 (precise) .  Loses game:     	---       	Black=1      Missed win:     	White=2     	---        Mistake:       	White=4     	Black=8      Inaccurate:     	White=3     	Black=4      OK:         	White=27    	Black=31     Best:        	White=5     	Black=13     Strong:       	White=3     	Black=4      Brilliant:      	White=1     	---} 1/2-1/2

[Event "7th Sharjah Masters 2024"]
[Site "Sharjah"]
[Date "2024.05.19"]
[Round "6.41"]
[White "Raja Rithvik R"]
[Black "Seemann, Jakub"]
[Result "1/2-1/2"]
[ECO "E32"]
[WhiteElo "2524"]
[BlackElo "2475"]
[Annotator "TA"]
[PlyCount "46"]
[EventDate "2024.05.13"]
[EventType "swiss"]
[EventCountry "UAE"]
[SourceTitle "playchess.com"]
[Source "ChessBase"]
[SourceQuality "1"]
[TimeControl "5400+30"]

1. d4 Nf6 2. c4 e6 3. Nc3 Bb4 4. Qc2 O-O 5. e4 d5 6. e5 Ne4 7. Bd3 c5 8. Nf3 {[%emt 0:00:04] And now 0-0 would win.} cxd4 9. Nxd4 Nd7 10. Bf4 Ndc5 11. O-O Bxc3 12. bxc3 Nxd3 13. Qxd3 b6 14. cxd5 Qxd5 15. Rfd1 Bb7 {[%emt 0:00:19][%cal Oe4c3,Bc8b7,Bb7c6,Bc6d7][%mdl 32] [#] Hoping for ...Nxc3!} 16. c4 Qa5 17. Nb5 Bc6 18. a4 Qb4 19. Qd4 {[%emt 0:32:34] White wants to play f3.} Rfc8 {[%emt 0:15:06] The position is equal.} 20. Nd6 Nxd6 21. exd6 {[%emt 0:00:03][%cal Of4h6] [#] Strongly threatening Bh6!} Bd7 $1 22. Bh6 gxh6 23. Qg4+ Kh8 {[%emt 0:00:36] Not much happened in this game.   Weighted Error Value: White=0.04 (flawless) /Black=0.03 (flawless) .  Inaccurate:     	White=1     	Black=1      OK:         	White=7     	Black=9      Best:        	---       	Black=1      Strong:       	---       	Black=1} 1/2-1/2

[Event "7th Sharjah Masters 2024"]
[Site "Sharjah"]
[Date "2024.05.19"]
[Round "6.42"]
[White "Sethuraman, S.P."]
[Black "Dronavalli, Harika"]
[Result "1-0"]
[ECO "C18"]
[WhiteElo "2593"]
[BlackElo "2504"]
[Annotator "RC"]
[PlyCount "165"]
[EventDate "2024.05.13"]
[EventType "swiss"]
[EventCountry "UAE"]
[SourceTitle "playchess.com"]
[Source "ChessBase"]
[SourceQuality "1"]
[TimeControl "5400+30"]

1. e4 e6 2. d4 d5 3. Nc3 Bb4 4. e5 c5 5. a3 Ba5 6. b4 cxd4 7. Qg4 Kf8 8. Nb5 Bb6 9. Nf3 Nc6 10. Bb2 Nge7 11. Nbxd4 h5 12. Qf4 Ng6 13. Nxc6 Nxf4 14. Nxd8 Bxd8 15. g3 Ng6 16. Bd3 h4 17. Kd2 Bd7 18. b5 hxg3 19. hxg3 Rxh1 20. Rxh1 Kg8 21. Bd4 Be8 22. Re1 Ne7 23. Bc5 Nc8 24. Rh1 g6 25. Nh2 Nb6 26. Ng4 Nd7 27. Bd4 Kg7 28. a4 Rc8 29. Bc3 Be7 30. f3 Bg5+ 31. f4 Be7 32. Bd4 Bc5 33. Bc3 Be7 34. a5 Bd8 35. Ra1 Be7 36. Rb1 Bc5 37. Ke2 Bf2 38. Bd2 Bd4 39. Be3 Bc3 40. Bxa7 Bxa5 41. Bd4 Bb6 42. Ke3 Ra8 43. Bxb6 Nxb6 44. Kd4 Nd7 45. b6 Ra4+ 46. c4 dxc4 47. Bxc4 Nf8 48. Nf6 Bc6 49. g4 Ra3 50. Bb5 Bg2 51. Rc1 Rf3 52. Rc7 Rxf4+ 53. Ke3 Rf3+ 54. Ke2 Rb3 55. Be8 Kh6 56. Rxf7 Rxb6 57. Rxf8 Kg5 58. Kf2 Bc6 59. Bxc6 Rxc6 60. Ke3 Rc3+ 61. Kd4 Rc1 62. Re8 Rc6 63. Rb8 b6 64. Rg8 Rc1 65. Re8 Rc6 66. Ne4+ Kxg4 67. Nd6 Rc1 68. Rxe6 Rd1+ 69. Ke3 g5 70. Rg6 b5 71. Rg8 b4 72. Rb8 Re1+ 73. Kd4 Kf4 74. Rf8+ Kg4 75. Ne4 b3 76. Nf2+ Kg3 77. Nd3 Re2 78. Rb8 g4 79. Rxb3 Kh2 80. Nf4 Re1 81. Re3 Rf1 82. Ke4 g3 83. e6 1-0

[Event "7th Sharjah Masters 2024"]
[Site "Sharjah"]
[Date "2024.05.19"]
[Round "6.43"]
[White "Klimkowski, Jan"]
[Black "Suleymenov, Alisher"]
[Result "0-1"]
[ECO "C07"]
[WhiteElo "2518"]
[BlackElo "2501"]
[Annotator "TA"]
[PlyCount "112"]
[EventDate "2024.05.13"]
[EventType "swiss"]
[EventCountry "UAE"]
[SourceTitle "playchess.com"]
[Source "ChessBase"]
[SourceQuality "1"]
[TimeControl "5400+30"]

1. e4 e6 2. d4 d5 3. Nd2 c5 4. Ngf3 cxd4 5. Nxd4 Nf6 6. exd5 Qxd5 7. Nb5 {[%emt 0:00:30] C07: French Tarrasch: 3...c5, 4 Ngf3 and 4 exd5 Qxd5.} Na6 8. Nc3 Qd4 $146 ({Predecessor:} 8... Qd8 9. a3 Bd7 10. Nc4 Be7 11. Nd6+ Kf8 12. Be3 Bc6 13. Ndb5 Qxd1+ 14. Rxd1 Bc5 {1-0 Kovalev,V (2623)-Maghsoodloo,P (2701) Chess.com Rapid Wk7 Swiss 2022 (8)}) 9. a3 Nc5 10. Qe2 a6 11. Nf3 Qd6 12. b4 Ncd7 13. Bb2 Be7 14. g3 b5 15. Ne4 Qc7 16. Bg2 Nxe4 17. Qxe4 Bb7 18. Qe2 Bf6 19. Bxf6 Nxf6 20. O-O Qc3 21. a4 O-O 22. axb5 axb5 (22... Qxb4 $2 {loses.} 23. bxa6 Bd5 24. Rfb1 $18) 23. Rab1 Ra2 24. Rfc1 Rc8 25. Ne1 (25. Qd3 $1 $15) 25... Bxg2 $17 26. Kxg2 Qc6+ 27. Qf3 Nd5 (27... Qxf3+ 28. Kxf3 Nd5 29. Ra1 Nxb4 30. Rxa2 Nxa2 31. Ra1) 28. Rb3 Qd6 29. Rd1 Rc4 30. Kg1 g6 31. h4 h5 32. Rdb1 Ra4 (32... Rxb4 33. Rxb4 Nxb4 34. Qb3 $14) 33. Qd3 Raxb4 34. Rxb4 Rxb4 35. Rd1 Qc5 36. Nf3 Rc4 37. Rd2 Kg7 38. Qe2 Nc3 39. Qe1 $2 (39. Qe5+ $17 Qxe5 40. Nxe5) 39... Re4 (39... Ne4 $142 40. Re2 Nxg3) 40. Qf1 $19 Rg4 41. Kh2 Ra4 42. Qe1 Ne4 43. Re2 Qd5 44. Re3 Nf6 45. Qc3 $2 (45. Ne5 {was called for.}) 45... b4 $19 46. Qe5 Qxe5 47. Nxe5 Ra2 48. Rb3 Rxc2 49. Rxb4 Rxf2+ 50. Kg1 Rf5 51. Nc4 Rc5 52. Kf2 Nd5 53. Ra4 Nc3 54. Rb4 Ne4+ 55. Kg2 Rd5 56. Rb7 Nd6 (56... Rd3 57. Rxf7+ Kxf7 58. Ne5+ Kf6 59. Nxd3 $17) 0-1